 Dungeon Crawl Stone Soup version 0.31-a0-702-gf82c85558f (webtiles) character file.

Game seed: 1295078296603642344

88 qw the Shooter (level 4, -3/28 HPs)
             Began as a Gargoyle Hunter on Sept 7, 2023.
             Slain by Pargi (4 damage)
             ... while paralysed by Grinder
             ... on level 3 of the Dungeon.
             The game lasted 00:00:35 (1405 turns).

qw the Shooter (Gargoyle Hunter)                    Turns: 1405, Time: 00:00:35

Health: -3/28      AC:  7    Str: 14    XL:     4   Next: 54%
Magic:  4/4        EV:  2    Int: 10    God:
Gold:   107        SH:  0    Dex: 15    Spells: 3/3 levels left

rFire   . . .        Y - +0 shortbow
rCold   . . .        (shield currently unavailable)
rNeg    + . .        c - +0 leather armour
rPois   inf          (no helmet)
rElec   +            (no cloak)
rCorr   .            (no gloves)
SInv    .            k - +0 pair of boots
Will    .....        b - amulet of regeneration
Stlth   ++           (no ring)
HPRegen 1.04/turn    (no ring)
MPRegen 0.09/turn

%: no passive effects
@: paralysed
A: sickness immunity, AC +3, negative energy resistance 1, electricity
resistance, torment resistance 1, petrification resistance
a: no special abilities


You were on level 3 of the Dungeon.
You visited 1 branch of the dungeon, and saw 3 of its levels.

You collected 107 gold pieces.


Innate Abilities, Weirdness & Mutations

You are immune to sickness and miasma.
Your stone body is resilient. (AC +3)
You are immune to poison.
You resist negative energy. (rN+)
You are resistant to electric shocks. (rElec)
You are resistant to unholy torment.
You are immune to petrification.


   Skills:
 - Level 3.2 Fighting
 + Level 5.4 Ranged Weapons
 - Level 1.5 Dodging
 - Level 1.1 Stealth


You had 3 spell levels left.
You didn't know any spells.
Your spell library was empty.

Inventory:

Hand Weapons
 Y - a +0 shortbow (weapon)
Armour
 c - a +0 leather armour (worn)
 k - a +0 pair of boots (worn)
Jewellery
 b - an amulet of regeneration (around neck)
Scrolls
 g - 2 scrolls of teleportation
 j - 3 scrolls of identify
Potions
 a - a potion of heal wounds
 d - a potion of resistance {unknown}
 e - a potion of attraction {unknown}
 f - 2 potions of curing
 h - a potion of haste {unknown}

Dungeon Overview and Level Annotations

Branches:
Dungeon (3/15)

Altars:
Ashenzari
Gozag

Annotations:
D:3 Grinder, Pargi


Message History

Grinder comes into view.
You shoot an arrow.
Grinder shouts!
The arrow hits Grinder.
Grinder is lightly wounded.
You shoot an arrow. The arrow hits Pargi.
Pargi is lightly wounded.
Pargi pleads, "Don't hit me!"
1395 |||
Found retreat position at 0,-2 (floor) with 0 blocking monsters and 1 monsters attacking at destination at distance 2 x2
1395 ||| RETREATING.
1396 |||
Found retreat position at 0,-1 (floor) with 0 blocking monsters and 1 monsters attacking at destination at distance 1
1396 ||| Stepping ~*~*~tactically~*~*~ (retreating).
You shoot an arrow. The arrow hits Pargi.
Pargi is lightly wounded.
Pargi barely misses you. Pargi claws you but does no damage.
Pargi closely misses you.
You shoot an arrow. The arrow closely misses Pargi.
Pargi bites you. Pargi barely misses you. Pargi claws you but does no damage.
You shoot an arrow. The arrow hits Pargi.
Pargi is moderately wounded.
Grinder blinks!
Pargi bites you. Pargi claws you. Pargi barely misses you.
1400 |||
Found retreat position at 0,1 (Pargi; floor) with 0 blocking monsters and 1 monsters attacking at destination at distance 1 You shoot an arrow.
The arrow hits Pargi.
Pargi is moderately wounded.
Pargi bites you. Pargi claws you but does no damage. x2
1401 |||
Found retreat position at 0,1 (Pargi; floor) with 0 blocking monsters and 1 monsters attacking at destination at distance 1 You shoot an arrow.
The arrow hits Pargi.
Pargi is heavily wounded.
Grinder gestures at you.
You suddenly lose the ability to move!
Pargi bites you. Pargi claws you. Pargi claws you but does no damage.
Pargi bites you. Pargi claws you. x2
Grinder says, "Just stop there for a second..."
Pargi bites you but does no damage. Pargi barely misses you. Pargi claws you.
Grinder barely misses you. Pargi bites you. Pargi claws you.
Pargi claws you but does no damage. Grinder hits you!
You writhe in agony.
Pargi clenches his teeth.
Pargi bites you.
You die...

#.##....._..# #.##
##.##........# #...
#####...#.......####...
#....%........### #....
#.###...##.#...# #....
##.###..#.#####.... #.#
#............. #5#
#.##.######### #@#
#.##.# #T###....( #...#
.#.# #.........#.#
#.##...#..... ..
#...#..... ... .+++. ..
## . .. . . ###


You could see Grinder and Pargi.

Vanquished Creatures
  Jessica (D:2)
  An adder (D:2)
  A dart slug (D:1)
  6 endoplasms
  3 giant cockroaches
  4 goblins
  8 hobgoblins
  5 kobolds
  A quokka (D:1)
  5 ball pythons
  7 bats
  3 frilled lizards
  4 rats
49 creatures vanquished.

Notes
Turn   | Place    | Note
-------+----------+-------------------------------------------
     0 | D:1      | qw the Gargoyle Hunter began the quest for the Orb.
     0 | D:1      | Reached XP level 1. HP: 12/12 MP: 1/1
     0 | D:1      | 0 ||| qw: Version: 0.3-a-76-g4403597
     0 | D:1      | 0 ||| qw: Game counter: 809
     0 | D:1      | 0 ||| qw: Melee chars always use a shield: true
     0 | D:1      | 0 ||| qw: God list: Okawaru
     0 | D:1      | 0 ||| qw: Allow faded altars: false
     0 | D:1      | 0 ||| qw: Do Orc after clearing Dungeon:15 true
     0 | D:1      | 0 ||| qw: Do second Lair branch before Depths: true
     0 | D:1      | 0 ||| qw: Lair rune preference: random
     0 | D:1      | 0 ||| qw: Goals: Normal
     0 | D:1      | 0 ||| PLANNING D:1-11
    74 | D:1      | Reached XP level 2. HP: 17/17 MP: 2/2
   191 | D:1      | Reached XP level 3. HP: 21/21 MP: 3/3
   480 | D:1      | Reached skill level 5 in Ranged Weapons
   718 | D:1      | 718 ||| READING scroll labelled OCOAKHL EVESK.
   719 | D:1      | 719 ||| READING scroll labelled HOMEKHA ILAA.
   720 | D:1      | 720 ||| READING 2 scrolls labelled BYOSEI ZEMIE.
   724 | D:1      | 724 ||| READING scroll labelled MYHUAH ECIEHA.
   725 | D:1      | 725 ||| READING 2 scrolls labelled UQIOSI RESIME.
   726 | D:1      | 726 ||| DROPPING scroll of butterflies.
   744 | D:2      | Noticed Jessica
   747 | D:2      | Killed Jessica
   748 | D:2      | Reached skill level 3 in Fighting
   748 | D:2      | 748 ||| STAIRDANCE
   770 | D:2      | Reached XP level 4. HP: 26/28 MP: 4/4
  1263 | D:2      | 1263 ||| UPGRADING to +0 pair of boots.
  1268 | D:2      | 1268 ||| UPGRADING to amulet of regeneration.
  1273 | D:2      | 1273 ||| READING scroll labelled DUGHUMNUUS.
  1274 | D:2      | 1274 ||| DRINKING 2 clear potions.
  1275 | D:2      | 1275 ||| DRINKING 3 viscous yellow potions.
  1276 | D:2      | 1276 ||| DRINKING 2 sedimented puce potions.
  1313 | D:2      | 1313 ||| DROPPING potion of lignification.
  1353 | D:3      | Found a broken altar of Ashenzari.
  1354 | D:3      | Found an opulent altar of Gozag.
  1391 | D:3      | Noticed Pargi
  1392 | D:3      | Noticed Grinder
  1395 | D:3      | 1395 ||| RETREATING.
  1396 | D:3      | 1396 ||| Stepping ~*~*~tactically~*~*~ (retreating).
  1401 | D:3      | Paralysed by Grinder for 5 turns
  1405 | D:3      | HP: 4/28 [Grinder (9)]
  1405 | D:3      | HP: 1/28 [Grinder (3)]
  1405 | D:3      | Slain by Pargi

Levels and vault maps discovered:
D:1:      evilmike_arrival_hilbert_curve, layout_basic, kennysheep_crisscross
D:2:      minmay_wonky_spiral, layout_rooms, uniq_jessica
D:3:      layout_loops_ring, chequers_temple_overflow_statue_of_worship,
          serial_shops, nicolae_shop_tiny_real_fake_doors,
          dreamdust_princess_corridor, uniq_grinder, uniq_pargi

Skill      XL: |  1  2  3 |
---------------+----------+-----
Ranged Weapons | 5 |  5.4
Fighting       | 3 |  3.2
Dodging        | |  1.5
Stealth        | |  1.1

Action                     |  1- 3 |  4- 6 || total
---------------------------+-------+-------++-------
   Fire: Shortbow          |    55 |    69 ||   124
    Use: Scroll            |     5 |     1 ||     6
         Potion            |       |     3 ||     3
 Armour: Leather armour    |     6 |    34 ||    40
  Dodge: Dodged            |     6 |    19 ||    25

Table legend:
 A = Non-vault XP
 B = Vault XP
 C = Vault XP percentage of total XP
 D = Non-vault monster count
 E = Vault monster count
 F = Vault count percentage of total count
                 A         B        C        D         E       F
            +---------+---------+-------+---------+---------+-------
      Total |      85 |      42 |  33.1 |      44 |       5 |  10.2
            +---------+---------+-------+---------+---------+-------
        D:1 |      43 |       0 |   0.0 |      24 |       0 |   0.0
        D:2 |      38 |      42 |  52.5 |      17 |       5 |  22.7
        D:3 |       4 |       0 |   0.0 |       3 |       0 |   0.0
            +---------+---------+-------+---------+---------+-------
